 Dungeon Crawl Stone Soup version 0.31-a0-986-g5e6e4ef867 (webtiles) character file.

Game seed: 431726382577786926

66 dialectric the Covert (level 4, -8/46 HPs)
             Began as an Octopode Delver on Nov 19, 2023.
             Mangled by Sigmund
             ... wielding a +2 scythe of protection
              (14 damage)
             ... on level 2 of the Dungeon.
             The game lasted 00:02:06 (611 turns).

dialectric the Covert (Octopode Delver)              Turns: 611, Time: 00:02:07

Health: -8/46      AC: 22    Str: 11    XL:     4   Next: 15%
Magic:  4/4        EV:  2    Int: 12    God:
Gold:   26         SH:  0    Dex: 15    Spells: 3/3 levels left

rFire   . . .        a - +0 short sword
rCold   . . .        (no shield)
rNeg    . . .        (helmet currently unavailable)
rPois   +            (no amulet)
rElec   .            (no ring)
rCorr   .            (no ring)
SInv    .            (no ring)
Will    .....        (no ring)
Stlth   ++++         (no ring)
HPRegen 0.27/turn    (no ring)
MPRegen 0.09/turn    (no ring)
                     (no ring)

%: no passive effects
@: mighty, brilliant, tree-form
A: stationary, stasis, torment immunity, boosted hp, almost no armour,
(amphibious), 8 rings, (camouflage 1), (gelatinous body 1), (nimble swimmer 1),
(tentacles)
a: no special abilities


You were on level 2 of the Dungeon.
You were a tree.
You visited 1 branch of the dungeon, and saw 4 of its levels.

You collected 26 gold pieces.

Inventory:

Hand Weapons
 a - a +0 short sword (weapon)
Missiles
 h - a datura-tipped dart (quivered)
Wands
 f - a wand of digging (3)
Scrolls
 b - 2 scrolls of fog
 c - 2 scrolls of revelation
 d - a scroll of fear
 g - 2 scrolls of identify {unknown}
 j - a scroll of butterflies {unknown}
 k - a scroll of enchant weapon {unknown}
 o - a scroll of noise {unknown}
Potions
 e - a potion of haste
 i - a potion of brilliance


   Skills:
 + Level 3.3 Fighting
 + Level 2.1 Short Blades
 + Level 2.1 Dodging
 + Level 8.2 Stealth


You had 3 spell levels left.
You didn't know any spells.
Your spell library was empty.

Dungeon Overview and Level Annotations

Branches:
Dungeon (5/15)
 Temple: D:4-7

Altars:

Annotations:
D:2 Sigmund


Innate Abilities, Weirdness & Mutations

You are a tree.
Your roots penetrate the ground, keeping you stationary.
You cannot be teleported.
You are immune to unholy pain and torment.
Your maximum health is greatly increased.
You cannot wear most types of armour.
((You are amphibious.))
You can wear up to eight rings at the same time.
((Your skin changes colour to match your surroundings (Stealth+).))
((Your rubbery body absorbs attacks. (AC +1, EV +1)))
((You are camouflaged when in or above water. (Stealth+)))
((You have tentacles for arms and can constrict up to eight enemies at once.))


Message History

Unknown command.
Sigmund hits you but does no damage.
Sigmund is nearby!
Unknown command.
It was a potion of might.
You feel very mighty all of a sudden.
Sigmund hits you from afar with a +2 scythe of protection.
It was a potion of curing.
You feel better.
You cannot move.
Throw: 2 darts (datura)
Press: ? - help, Q - select action Shift-Dir - straight line, f - Sigmund
Aim: Sigmund, wielding a +2 scythe of protection and wearing a +0 robe (severely wounded, 52% to hit, chance to frenzy on hit: 89%)
You throw a datura-tipped dart. The datura-tipped dart hits Sigmund.
Sigmund flies into a frenzy!
Sigmund is severely wounded.
Sigmund hits you but does no damage.
Unknown command.
Sigmund hits you but does no damage.
Sigmund hits you from afar with a +2 scythe of protection!
Sigmund hits you from afar with a +2 scythe of protection.
Sigmund hits you from afar with a +2 scythe of protection.
Sigmund hits you from afar with a +2 scythe of protection!
Sigmund hits you but does no damage. Sigmund hits you but does no damage.
Sigmund hits you from afar with a +2 scythe of protection!
Okay, then.
Okay, then.
Sigmund is nearby!
Sigmund is nearby!
Sigmund is nearby!
Sigmund barely misses you.
Sigmund hits you from afar with a +2 scythe of protection!
* * * LOW HITPOINT WARNING * * *
Sigmund hits you but does no damage.
You cannot move.
You cannot move.
You cannot move.
Sigmund barely misses you.
Sigmund hits you from afar with a +2 scythe of protection!
You die...

####### ###.....# #...
...# #$#.##..#
#.#$.#..#
#########.##†#..#
.#..............######
.#...)......##..♣....#
.#................@..#
.#...................#
.....................#
........†............#
.................(...#
.................####.#
.##+##+#.........# .#
.# ##........ .


You could see the neutral Sigmund (fast, strong, frenzied).

Vanquished Creatures
  An orc priest (D:4)
  2 adders (D:3)
  A dart slug (D:3)
  2 orcs (D:4)
  3 endoplasms
  2 giant cockroaches (D:2)
  A goblin (D:2)
  A kobold (D:3)
  A ball python (D:2)
  A frilled lizard (D:3)
  2 rats
17 creatures vanquished.

Notes
Turn   | Place    | Note
-------+----------+-------------------------------------------
     0 | D:5      | dialectric the Octopode Delver began the quest for the Orb.
     0 | D:5      | Reached XP level 1. HP: 16/16 MP: 1/1
    61 | D:5      | Noticed a water moccasin
    69 | D:4      | Noticed an orc wizard
    80 | D:4      | Noticed an orc priest
    90 | D:4      | Killed an orc priest
    91 | D:4      | Reached skill level 7 in Stealth
    91 | D:4      | Reached XP level 2. HP: 21/21 MP: 2/2
    91 | D:4      | Reached XP level 3. HP: 26/26 MP: 3/3
   135 | D:4      | Noticed a black bear
   435 | D:3      | Reached skill level 8 in Stealth
   438 | D:3      | Reached XP level 4. HP: 10/31 MP: 4/4
   573 | D:2      | Noticed Sigmund
   611 | D:2      | Mangled by Sigmund

Illustrated notes

Levels and vault maps discovered:
D:2:      kennysheep_the_goblin_king, layout_basic, minmay_tetromino_l2,
          uniq_crazy_yiuf_cottage, uniq_sigmund
D:3:      layout_basic, grunt_temple_overflow_open
D:4:      layout_layer_cave
D:5:      layout_rooms, serial_curves, eino_curves_04, eino_curves_04,
          uniq_eustachio, uniq_ijyb

Skill      XL: |  1  2  3 |
---------------+----------+-----
Stealth        | 7 8 |  8.2
Fighting       | |  3.3
Short Blades   | |  2.1
Dodging        | |  2.1

Action                     |  1- 3 |  4- 6 || total
---------------------------+-------+-------++-------
  Melee: Short sword       |    24 |    17 ||    41
         Constrict         |     6 |     4 ||    10
         Tentacles         |     4 |     6 ||    10
         Punch             |       |     1 ||     1
  Throw: Dart              |       |     2 ||     2
    Use: Potion            |       |     4 ||     4
   Stab: Sleeping          |     4 |     4 ||     8
 Armour: Skin              |    10 |    21 ||    31
  Dodge: Dodged            |    19 |     7 ||    26

Table legend: (Time is in decaauts)
 A = Elapsed time spent in this place.
 B = Non-inter-level travel time spent in this place.
 C = Inter-level travel time spent in this place.
 D = Time resting spent in this place.
 E = Time spent auto-exploring this place.
 F = Levels seen in this place.
 G = Mean time per level.
                   A        B        C        D        E       F      G
               +--------+--------+--------+--------+--------+-----+--------+
         Total |    605 |    605 |      0 |    185 |     56 |   4 |  151.2 |
       Dungeon |    605 |    605 |      0 |    185 |     56 |   4 |  151.2 |
               +--------+--------+--------+--------+--------+-----+--------+

Top non-repeatable levels by time:
     D:4: 230 daAuts
     D:3: 195 daAuts
     D:2: 111 daAuts
     D:5: 69 daAuts
